cohdb
Replays
Latest Replays
All Replays
Popular Replays
Top Player Replays
Match Explorer
How It Works
Community
CoH3 Stats
Reddit
Sign in to upload your games and track your stats! →
Sign in with Steam
Match 40922074
Unlisted
Match 40922074
Overview
Messages
Build Orders
End
Royal Engineer Section
Construct Section Command Post
Selects Heavy Armor Battlegroup
Dingo Light Scout Car
Infantry Section
Infantry Section
Construct Field Infirmary
Infantry Section
Selects Rigorous Vehicle Training
Selects Forward Repair Assembly
Construct Platoon Command Post
Humber Armored Car
JBQuib
^3
0
0
Comments
sign in to comment!
No comments posted yet!